 Dungeon Crawl Stone Soup version 0.29.0-15-g675c0067aa (webtiles) character file.

Game seed: 10186344986056309147

1589 Lremus the Cleaver (level 8, 0/71 HPs)
             Began as a Hill Orc Fighter on Sept 11, 2022.
             Was an Initiate of Makhleb.
             Slain by a water moccasin (5 damage)
             ... on level 6 of the Dungeon.
             The game lasted 00:08:19 (6227 turns).

Lremus the Cleaver (Hill Orc Fighter)               Turns: 6227, Time: 00:08:20

Health: 0/71       AC: 13    Str: 21    XL:     8   Next: 92%
Magic:  8/8        EV:  9    Int:  8    God:    Makhleb [......]
Gold:   195        SH:  5    Dex: 10    Spells: 7/7 levels left

rFire   . . .      SeeInvis +   b - +0 broad axe
rCold   + . .      Faith    .   c - +0 buckler
rNeg    . . .      Spirit   .   w - +3 scale mail {rC+}
rPois   .          Reflect  .   (no helmet)
rElec   .          Harm     .   y - +0 cloak
rCorr   +          Rampage  .   h - +0 pair of gloves
Will    .....                   (no boots)
Stlth   ..........              (no amulet)
HPRegen 0.21/turn               k - ring of see invisible
MPRegen 0.11/turn               n - ring of resist corrosion

@: lethally poisoned (0 -> -25)
A: no striking features
a: Renounce Religion


You were on level 6 of the Dungeon.
You worshipped Makhleb.
Makhleb was noncommittal.
You visited 2 branches of the dungeon, and saw 7 of its levels.

You collected 195 gold pieces.

Inventory:

Hand Weapons
 b - a +0 broad axe (weapon)
Missiles
 f - 65 stones (quivered)
 l - 3 poisoned darts
 v - a throwing net
 z - 2 datura-tipped darts
Armour
 c - a +0 buckler (worn)
 h - a +0 pair of gloves (worn)
 m - a +0 plate armour
 w - a +3 scale mail of cold resistance (worn)
 y - a +0 cloak (worn)
Jewellery
 k - a ring of see invisible (left hand)
 n - a ring of resist corrosion (right hand)
Wands
 o - a wand of flame (19)
 t - a wand of light (3)
Scrolls
 e - 3 scrolls of identify
 g - a scroll of enchant armour {unknown}
 i - 2 scrolls of magic mapping {unknown}
 p - 2 scrolls of teleportation {unknown}
 r - a scroll of enchant weapon {unknown}
 s - a scroll of brand weapon {unknown}
 u - a scroll of fog {unknown}
 x - a scroll of amnesia {unknown}
Potions
 a - a potion of brilliance {unknown}
 d - 2 potions of might
 j - a potion of lignification
 q - 2 potions of heal wounds


   Skills:
 + Level 6.6 Fighting
 - Level 10.0 Axes
 + Level 6.0 Armour
 + Level 6.0 Shields


You had 7 spell levels left.
You didn't know any spells.
Your spell library contained the following spells:

 Spells                   Type           Power      Damage    Failure   Level
 Foxfire                  Conj/Fire      0%         2x1d4     80%         1
 Ensorcelled Hibernation  Hex/Ice        0%         N/A       91%         2
 Passwall                 Tmut/Erth      0%         N/A       91%         2
 Sublimation of Blood     Necr           0%         N/A       91%         2
 Wereblood                Tmut           0%         N/A       91%         2
 Conjure Flame            Conj/Fire      0%         6-21      99%         3
 Inner Flame              Hex/Fire       0%         N/A       99%         3
 Swiftness                Air            0%         N/A       99%         3
 Flame Wave               Conj/Fire      0%         2d4       100%        4
 Summon Hydra             Summ           0%         N/A       100%        7


Dungeon Overview and Level Annotations

Branches:
Dungeon (6/15)             Temple (1/1) D:5

Altars:
Ashenzari
Cheibriados
Dithmenos
Elyvilon
Fedhas
Gozag
Hepliaklqana
Kikubaaqudgha
Makhleb
Nemelex Xobeh
Okawaru
Qazlal
Ru
Sif Muna
Trog
Uskayaw
Vehumet
Wu Jian
Xom
Yredelemnul
Zin
The Shining One

Shops:
D:4 *


Message History

Makhleb accepts your kill. The jelly hits you but does no damage.
Your Armour skill increases to level 6!
Your Shields skill increases to level 6!
You slice the jelly!!
You kill the jelly!
Makhleb accepts your kill.
Items here: ))) [[[.
Okay, then.
A water moccasin comes into view.
The water moccasin hisses angrily.
The water moccasin bites you.
You are poisoned.
The water moccasin poisons you!
You hit the water moccasin.
The water moccasin is lightly wounded.
* * * LOW HITPOINT WARNING * * *
You feel very sick. The water moccasin bites you.
* * * LOW HITPOINT WARNING * * *
You closely miss the water moccasin.
The water moccasin is lightly wounded.
* * * LOW HITPOINT WARNING * * *
You feel very sick.
The water moccasin bites you but does no damage.
You block the water moccasin's attack.
You slash the water moccasin!
The water moccasin is moderately wounded.
* * * LOW HITPOINT WARNING * * *
You feel very sick.
The water moccasin completely misses you.
You barely miss the water moccasin.
The water moccasin is moderately wounded.
You hear the brisk hiss of an avalanche of sand very nearby.
* * * LOW HITPOINT WARNING * * *
You feel sick. The water moccasin bites you.
* * * LOW HITPOINT WARNING * * *
You are more poisoned.
The water moccasin poisons you! The water moccasin bites you.
You die...

#########
........#
........#
........#
........##
.........
......S.# #@#
#.# #.#
#)########
#......... .
#......... ..
#......... ...
#.........
#..##
#####..#######


You could see a water moccasin.

Vanquished Creatures
  A hornet (D:6)
  Edmund (D:5)
  A water moccasin (D:5)
  Duvessa (D:5)
  A black bear (D:5)
  A sky beast (D:6)
  2 phantoms
  Blork the orc (D:5)
  A scorpion (D:6)
  3 wights (D:6)
  Dowan (D:5)
  2 hounds (D:5)
  2 jellies
  Crazy Yiuf (D:5)
  3 iguanas
  An orc wizard (D:6)
  8 gnolls
  3 adders
  A shadow imp (D:6)
  2 dart slugs
  4 orcs
  7 ball pythons
  9 endoplasms
  4 giant cockroaches
  7 goblins
  4 hobgoblins
  11 jackals (D:3)
  A quokka (D:4)
  9 bats
  3 frilled lizards
  3 kobolds
  3 rats
102 creatures vanquished.

Vanquished Creatures (others)
  An orc (D:6)
  5 plants (D:1)
6 creatures vanquished.

Grand Total: 108 creatures vanquished

Notes
Turn   | Place    | Note
-------+----------+-------------------------------------------
     0 | D:1      | Lremus the Hill Orc Fighter began the quest for the Orb.
     0 | D:1      | Reached XP level 1. HP: 19/19 MP: 1/1
    31 | D:1      | Reached skill level 3 in Axes
   218 | D:1      | Reached XP level 2. HP: 26/26 MP: 2/2
   294 | D:1      | Reached skill level 4 in Axes
   863 | D:1      | Reached XP level 3. HP: 30/31 MP: 3/3
  1195 | D:2      | Reached skill level 5 in Axes
  1279 | D:2      | Identified the +0 ring mail of the Scuffed Mantidfly {rN+}
  1443 | D:2      | Reached XP level 4. HP: 39/39 MP: 4/4
  1455 | D:2      | Found a faded altar of an unknown god.
  2088 | D:3      | Reached skill level 6 in Axes
  2759 | D:4      | Reached XP level 5. HP: 20/45 MP: 5/5
  3022 | D:4      | Found Gyhyror's Assorted Antiques.
  3339 | D:4      | Reached skill level 7 in Axes
  3684 | D:5      | Entered Level 5 of the Dungeon
  3879 | D:5      | Found a shimmering blue altar of Sif Muna.
  3892 | D:5      | Reached skill level 8 in Axes
  3892 | D:5      | Reached XP level 6. HP: 42/51 MP: 6/6
  4002 | D:5      | Noticed Blork the orc
  4002 | D:5      | Noticed Dowan
  4002 | D:5      | Noticed Duvessa
  4030 | D:5      | Killed Duvessa
  4034 | D:5      | Killed Blork the orc
  4035 | D:5      | Reached skill level 9 in Axes
  4037 | D:5      | Killed Dowan
  4038 | D:5      | Reached XP level 7. HP: 22/57 MP: 7/7
  4413 | D:5      | Reached skill level 10 in Axes
  4597 | D:5      | Noticed Edmund
  4612 | D:5      | Killed Edmund
  5175 | D:5      | Reached skill level 5 in Fighting
  5175 | D:5      | Reached XP level 8. HP: 62/68 MP: 8/8
  5343 | D:5      | Found a runed translucent door.
  5344 | D:5      | Noticed Crazy Yiuf
  5422 | D:5      | Found a staircase to the Ecumenical Temple.
  5427 | Temple   | Entered the Ecumenical Temple
  5672 | Temple   | Became a worshipper of Makhleb the Destroyer
  5808 | D:5      | Killed Crazy Yiuf
  6038 | D:6      | Reached skill level 5 in Armour
  6038 | D:6      | Reached skill level 5 in Shields
  6075 | D:6      | Noticed a hornet
  6081 | D:6      | Paralysed by a hornet for 3 turns
  6095 | D:6      | Killed a hornet
  6227 | D:6      | Slain by a water moccasin

Illustrated notes

Levels and vault maps discovered:
D:1:      lightli_arrival_boilingwater, layout_basic, serial_bayou_pond_c
D:2:      layout_basic, ebering_ecumenical_altar_sacrificial
D:3:      layout_basic
D:4:      layout_cave_pools, nicolae_hexahallways,
          hangedman_abyss_or_decor_slice, nicolae_stop_n_shop_2
D:5:      layout_loops_ring, lemuel_doored_altar,
          minmay_temple_entry_statues_pillars, uniq_edmund, uniq_blork_the_orc,
          uniq_crazy_yiuf_cottage, uniq_duvessa
D:6:      layout_basic, nicolae_ossuary_entry_catacombs, st_stairs_12,
          lemuel_flamethrower_2
Temple:   mainiacjoe_temple_starburst

Skill      XL: |  1  2  3  4  5  6  7  8 |
---------------+-------------------------+-----
Axes           | 3 4 5 6 8 9 10 | 10.0
Fighting       | 5 6 |  6.6
Armour         | 4 6 |  6.0
Shields        | 4 6 |  6.0

Action                   |  1- 3 |  4- 6 |  7- 9 || total
-------------------------+-------+-------+-------++-------
Melee: War axe           |    89 |     8 |       ||    97
       Broad axe         |       |   101 |   136 ||   237
Evoke: Wand              |       |       |     1 ||     1
  Use: Scroll            |       |     2 |       ||     2
       Potion            |       |     1 |     1 ||     2
Armor: Scale mail        |    58 |     2 |    48 ||   108
       Plate armour      |       |    87 |    18 ||   105
       Skin              |       |       |    19 ||    19
Dodge: Dodged            |    45 |    32 |    32 ||   109
Block: Buckler           |    26 |    18 |    28 ||    72
